 Dungeon Crawl Stone Soup version 0.30-a0-339-g89bb51ec76 (webtiles) character file.

Game seed: 18370791837789389598

303 sanka the Insei (level 6, -19/45 HPs)
             Began as a Draconian Summoner on Oct 31, 2022.
             Demolished by an ogre
             ... wielding a +0 giant club
              (32 damage)
             ... on level 3 of the Dungeon.
             The game lasted 00:05:20 (3030 turns).

sanka the Insei (Draconian Summoner)                Turns: 3030, Time: 00:05:20

Health: -19/45     AC: 10    Str: 10    XL:     6   Next: 15%
Magic:  2/9        EV: 12    Int: 17    God:
Gold:   178        SH:  0    Dex: 12    Spells: 6/9 levels left

rFire   . . .      SeeInvis .      - Unarmed
rCold   . . .      Faith    .    (no shield)
rNeg    . . .      Spirit   .    (body armour unavailable)
rPois   .          Reflect  .    (helmet restricted)
rElec   .          Harm     .    (no cloak)
rCorr   .          Rampage  .    (no gloves)
Will    .....                    (no boots)
Stlth   ++........               (no amulet)
HPRegen 0.27/turn                (no ring)
MPRegen 0.11/turn                d - +4 ring of protection

@: no status effects
A: AC +6, unfitting armour, cold-blooded
a: no special abilities


You were on level 3 of the Dungeon.
You visited 1 branch of the dungeon, and saw 3 of its levels.

You collected 178 gold pieces.


Innate Abilities, Weirdness & Mutations

Your plain brown scales are hard. (AC +6)
You cannot fit into any form of body armour.
You are cold-blooded and may be slowed by cold attacks.


   Skills:
 - Level 1.7 Dodging
 - Level 1.7 Stealth
 + Level 6.1 Unarmed Combat
 - Level 2.0 Spellcasting
 - Level 4.0 Summonings


You had 6 spell levels left.
You knew the following spells:

 Your Spells              Type           Power      Damage    Failure   Level
x - Call Imp              Summ           15%        N/A       5%          2
z - Summon Small Mammal   Summ           60%        N/A       3%          1

Your spell library contained the following spells:

 Spells                   Type           Power      Damage    Failure   Level
 Call Canine Familiar     Summ           15%        N/A       11%         3
 Sting                    Tmut/Pois      4%         1d3       19%         1
 Summon Guardian Golem    Hex/Summ       8%         N/A       26%         3
 Poisonous Vapours        Pois/Air       2%         N/A       28%         2
 Summon Lightning Spire   Summ/Air       8%         N/A       63%         4
 Olgreb's Toxic Radiance  Pois           1%         N/A       88%         4

Inventory:

Missiles
 g - 3 javelins
 m - a throwing net {=f}
Jewellery
 d - a +4 ring of protection (right hand)
 l - a ring of protection from fire
Scrolls
 b - a scroll of torment {unknown}
 c - 2 scrolls of teleportation {unknown}
 j - 4 scrolls of identify {unknown}
 n - a scroll of poison {unknown}
Potions
 a - 2 potions of magic
 e - a potion of cancellation {unknown}
 f - a potion of curing {unknown}
 h - 3 potions of mutation {unknown}
 i - 2 potions of flight {unknown}
 k - a potion of attraction {unknown}
 o - a potion of berserk rage {unknown}

Dungeon Overview and Level Annotations

Branches:
Dungeon (3/15)

Altars:

Shops:
D:2

: .▒▒▒▒ ▒▒▒▒▒▒▒ ▒▒▒▒▒▒▒▒▒▒▒▒▒▒
....▒▒▒▒.....▒▒▒▒▒▒▒.............
▒'▒....▒.............▒▒▒▒▒▒▒▒▒▒▒▒
▒†▒▒...'.................▒ ▒....
.).▒...▒5..........).▒▒▒.▒ ▒.▒▒▒
▒▒▒▒▒..▒▒............▒ ▒.▒ ▒.▒.r
....▒..▒▒...).[......▒ ▒.▒ ▒.▒.▒
.†..▒..▒▒▒▒▒▒▒▒▒▒▒▒▒.▒▒▒.▒ ▒.▒.<
▒▒▒▒▒▒.....)..KOd5......>▒▒▒▒.▒..
.....▒.▒▒▒▒▒▒▒▒▒▒▒▒▒.▒▒▒.▒....▒..
.O..g#.▒ ▒▒▒▒▒▒▒▒▒▒▒.▒ ▒.▒.▒▒▒▒▒▒
.K..K▒.▒ ▒......>.▒▒+▒▒▒)▒.▒▒▒▒▒▒
▒▒▒▒▒▒.▒ ▒.............).▒)▒.....
▒..▒ ▒...............▒.▒.▒▒▒▒
▒..▒▒▒...............▒.▒.▒▒▒▒
▒▒▒▒▒...▒▒..........)....▒.▒.....
...▒.....▒...............▒)▒▒▒▒▒▒


You could see a kobold brigand, an ogre (ally target) and a friendly crimson imp
(summoned).


Message History

You hit the ogre.
The ogre is moderately wounded.
The quokka bites you.
* * * LOW HITPOINT WARNING * * *
The kobold brigand hits your white imp with a +0 club!
Unknown command.
Unknown command.
You hit the ogre.
The ogre is moderately wounded.
Your white imp gestures at the kobold brigand.
The puff of frost hits the kobold brigand!
The ogre hits you with a +0 giant club.
* * * LOW HITPOINT WARNING * * *
The quokka closely misses you.
The kobold brigand hits your white imp with a +0 club!
Your white imp dies!
Unknown command.
A beastly little devil appears in a puff of flame.
The quokka misses you. The ogre closely misses you.
You hit the quokka but do no damage.
The quokka is heavily wounded.
The quokka bites you but does no damage.
Unknown command.
Unknown command.
You hit the quokka.
You kill the quokka!
The ogre hits you with a +0 giant club!!
Ouch! That really hurt!
You die...

Action                   |  1- 3 |  4- 6 || total
-------------------------+-------+-------++-------
Melee: Unarmed           |    66 |   130 ||   196
       Tailslap          |     9 |    15 ||    24
 Cast: Summon Small Mamm |    42 |       ||    42
       Call Imp          |     1 |    16 ||    17
 Stab: Sleeping          |       |     1 ||     1
Armor: Skin              |    40 |    46 ||    86
Dodge: Dodged            |    56 |    80 ||   136

Levels and vault maps discovered:
D:1:      roderic_chinese_lattice_arrival, layout_loops_ring,
          chequers_arboretum, hangedman_decor_diamond_cutter
D:2:      layout_loops_corners, serial_shops,
          nicolae_shop_competitors_out_of_business,
          minmay_misc_feat_secret_circle, minmay_fountain_box,
          kennysheep_generic_room_13
D:3:      kennysheep_the_goblin_king, layout_basic, minmay_misc_feat_cross,
          minmay_divided_ellipse

Notes
Turn   | Place    | Note
-------+----------+-------------------------------------------
     0 | D:1      | sanka the Draconian Summoner began the quest for the Orb.
     0 | D:1      | Reached XP level 1. HP: 14/14 MP: 3/3
   189 | D:1      | Reached skill level 1 in Unarmed Combat
   335 | D:1      | Reached XP level 2. HP: 20/20 MP: 1/5
   646 | D:1      | Reached skill level 2 in Unarmed Combat
  1091 | D:2      | Found Peguhyesa's Book Emporium.
  1437 | D:2      | Reached XP level 3. HP: 26/26 MP: 2/6
  1588 | D:2      | Reached skill level 3 in Unarmed Combat
  1823 | D:2      | Learned a level 2 spell: Call Imp
  2116 | D:3      | Identified the +2 helmet of Sieschec {Drain rPois Str+3}
  2186 | D:3      | Reached XP level 4. HP: 33/33 MP: 5/7
  2214 | D:3      | Reached skill level 4 in Unarmed Combat
  2555 | D:3      | Reached XP level 5. HP: 37/38 MP: 5/8
  2656 | D:3      | Reached skill level 5 in Unarmed Combat
  2914 | D:3      | Noticed an ice beast
  2943 | D:3      | Killed an ice beast
  2944 | D:3      | Reached skill level 6 in Unarmed Combat
  2944 | D:3      | Reached XP level 6. HP: 32/45 MP: 9/9
  3030 | D:3      | Demolished by an ogre

Vanquished Creatures
  An ice beast (D:3)
  4 adders (D:3)
  2 dart slugs
  6 orcs (D:3)
  An endoplasm (D:2)
  A giant cockroach (D:3)
  9 goblins
  5 hobgoblins
  3 jackals (D:2)
  3 kobolds
  A quokka (D:3)
  3 ball pythons
  2 bats
  4 frilled lizards
45 creatures vanquished.

Vanquished Creatures (collateral kills)
  2 orc wizards (D:3)
  4 adders
  5 orcs (D:3)
  3 bats
  3 endoplasms
  4 goblins
  2 hobgoblins
  A quokka (D:2)
  2 ball pythons
  A frilled lizard (D:2)
27 creatures vanquished.

Grand Total: 72 creatures vanquished
